 Dungeon Crawl Stone Soup version 0.29.0-4-gdea44cf6ec (webtiles) character file.

Game seed: 7222334937480060790

73 qw the Chopper (level 4, -5/28 HPs)
             Began as a Gargoyle Fighter on Sept 9, 2022.
             Killed from afar by Natasha (8 damage)
             ... with a magic dart
             ... on level 2 of the Dungeon.
             The game lasted 00:00:47 (2011 turns).

qw the Chopper (Gargoyle Fighter)                   Turns: 2011, Time: 00:00:47

Health: -5/28      AC: 10    Str: 22    XL:     4   Next: 27%
Magic:  4/4        EV:  9    Int:  8    God:
Gold:   119        SH:  4    Dex:  9    Spells: 3/3 levels left

rFire   . . .      SeeInvis .   Y - +0 war axe
rCold   . . .      Faith    .   c - +0 buckler
rNeg    + . .      Spirit   .   b - +0 scale mail
rPois   inf        Reflect  .   (no helmet)
rElec   +          Harm     .   (no cloak)
rCorr   .          Rampage  .   (no gloves)
Will    .....                   (no boots)
Stlth   ..........              (no amulet)
HPRegen 0.09/turn               (no ring)
MPRegen 0.09/turn               (no ring)

@: flying
A: sickness immunity, AC +3, negative energy resistance 1, electricity
resistance, torment resistance 1, petrification resistance, big wings, fangs 1,
screaming 1
a: no special abilities


You were on level 2 of the Dungeon.
You visited 1 branch of the dungeon, and saw 2 of its levels.

You collected 119 gold pieces.


Innate Abilities, Weirdness & Mutations

You are immune to sickness and miasma.
Your stone body is resilient. (AC +3)
You are immune to poison.
You resist negative energy. (rN+)
You are resistant to electric shocks. (rElec)
You are resistant to unholy torment.
You are immune to petrification.
Your large and strong wings let you fly.
You have very sharp teeth.
You occasionally shout uncontrollably at your foes.


   Skills:
 - Level 3.2 Fighting
 + Level 4.0 Axes
 - Level 3.2 Armour
 - Level 3.2 Shields


You had 3 spell levels left.
You didn't know any spells.
Your spell library was empty.

Inventory:

Hand Weapons
 f - a +0 whip
 Y - a +0 war axe (weapon)
Armour
 b - a +0 scale mail (worn)
 c - a +0 buckler (worn)
Jewellery
 g - the ring of Uriuko {rPois Will+ EV+4 Str+3}
   (You found it on level 2 of the Dungeon)

   [ring of evasion]

   EV:        It affects your evasion (+4).
   Str:       It affects your strength (+3).
   rPois:     It protects you from poison.
   Will:      It increases your willpower.
Scrolls
 a - a scroll of identify
 k - 3 scrolls of teleportation
Potions
 d - 3 potions of might
 e - 2 potions of mutation
 h - a potion of magic {unknown}
 i - 2 potions of lignification {unknown}

Dungeon Overview and Level Annotations

Branches:
Dungeon (2/15)

Altars:

Annotations:
D:2 Natasha


Message History

You reach down and open the door.
There is an open door here.
You reach down and open the door.
There is an open door here.
You now have 119 gold pieces (gained 6).
There is an open door here.
You see here a frilled lizard corpse.
Natasha and a rat come into view.
You yell at the rat!
Natasha hisses angrily.
Natasha drinks a potion.
Natasha flickers and vanishes!
Deactivating autopickup; reactivate with Ctrl-A.
You slash the rat!
You kill the rat!
You swing at nothing.
You hit something. Something completely misses you.
You hit something but do no damage.
The crimson imp blinks!
Something claws you but does no damage. Something claws you.
You closely miss something. Something claws you.
You barely miss something.
You hear some strange, mumbled words.
A magic dart appears from out of thin air!
The magic dart hits you!
You barely miss something. Something claws you.
You hear some strange, mumbled words.
You barely miss something.
You hear some strange, mumbled words.
The crimson imp blinks!
You closely miss something. Something claws you but does no damage.
The crimson imp blinks!
You barely miss something. Something claws you!
You hear some strange, mumbled words.
A magic dart appears from out of thin air!
The magic dart hits you!
You die...

#....####. #........#
#.#.## ... ####.#####
#..... ... #.#####
###.### #.# #.....# #+#
#.# #####%# ¤5¤ #.# #5#
#####.#### ## #{#
#.........
##...#@#######.#...###.
........................
###...#5#######.....###.
##.##.# #.....# #. ##
#.# #.....# #. #.#
#....####. ..#
#......... ###
###.###### #.#


You could see 3 crimson imps.

Vanquished Creatures
  Natasha (D:2)
  An adder (D:2)
  2 worms (D:2)
  A bat (D:1)
  4 endoplasms
  2 giant cockroaches
  7 goblins
  2 hobgoblins
  A quokka (D:2)
  A ball python (D:2)
  3 frilled lizards
  3 kobolds
  7 rats
35 creatures vanquished.

Notes
Turn   | Place    | Note
-------+----------+-------------------------------------------
     0 | D:1      | qw the Gargoyle Fighter began the quest for the Orb.
     0 | D:1      | Reached XP level 1. HP: 14/14 MP: 1/1
     0 | D:1      | 0 ||| qw: Version: 0.1-a-113-g051387a
     0 | D:1      | 0 ||| qw: Game counter: 7188
     0 | D:1      | 0 ||| qw: Always use a shield: true
     0 | D:1      | 0 ||| qw: God list: Okawaru
     0 | D:1      | 0 ||| qw: Allow faded altars: false
     0 | D:1      | 0 ||| qw: Do Orc after D:15 true
     0 | D:1      | 0 ||| qw: Do second Lair branch before Depths: true
     0 | D:1      | 0 ||| qw: Lair rune preference: random
     0 | D:1      | 0 ||| qw: Plans: Normal, Zot, God:TSO, Crypt, Tomb, Zig,
                  | Orb
     0 | D:1      | 0 ||| PLANNING D:1-11
    23 | D:1      | Reached skill level 2 in Axes
   193 | D:1      | Reached XP level 2. HP: 19/19 MP: 2/2
  1087 | D:1      | Reached skill level 3 in Axes
  1149 | D:1      | 1149 ||| READING 2 scrolls labelled MAGOSM MAYHEP.
  1150 | D:1      | 1150 ||| READING scroll labelled BIRAIS ARRUEMN.
  1151 | D:1      | 1151 ||| READING 3 scrolls labelled ROQOGY WIDD.
  1156 | D:1      | 1156 ||| DRINKING 3 fuming black potions.
  1156 | D:1      | Gained mutation: Your large and strong wings let you fly.
                  | [potion of mutation]
  1156 | D:1      | Gained mutation: You occasionally shout uncontrollably at
                  | your foes. [potion of mutation]
  1156 | D:1      | Gained mutation: You have very sharp teeth. [potion of
                  | mutation]
  1185 | D:2      | Reached XP level 3. HP: 18/23 MP: 3/3
  1185 | D:2      | 1185 ||| STAIRDANCE
  1341 | D:2      | 1341 ||| DROPPING +0 club.
  1348 | D:2      | 1348 ||| Stepping ~*~*~tactically~*~*~ (stealth).
  1349 | D:2      | 1349 ||| Stepping ~*~*~tactically~*~*~ (stealth).
  1377 | D:2      | 1377 ||| Stepping ~*~*~tactically~*~*~ (stealth).
  1378 | D:2      | 1378 ||| Stepping ~*~*~tactically~*~*~ (stealth).
  1555 | D:2      | Noticed Natasha
  1566 | D:2      | Killed Natasha
  1567 | D:2      | Reached XP level 4. HP: 19/28 MP: 4/4
  1656 | D:2      | Identified the ring of Uriuko {rPois Will+ EV+4 Str+3}
  1751 | D:2      | Reached skill level 4 in Axes
  2000 | D:2      | Noticed Natasha
  2011 | D:2      | HP: 3/28 [something (8)]
  2011 | D:2      | Killed from afar by Natasha

Levels and vault maps discovered:
D:1:      dpeg_arrival_boxorama, layout_basic
D:2:      layout_loops_corners, uniq_natasha

Skill      XL: |  1  2  3  4 |
---------------+-------------+-----
Axes           | 2 3 4 |  4.0
Fighting       | |  3.2
Armour         | |  3.2
Shields        | |  3.2

Action                   |  1- 3 |  4- 6 || total
-------------------------+-------+-------++-------
Melee: War axe           |   102 |    30 ||   132
       Bite              |     4 |       ||     4
  Use: Scroll            |     3 |       ||     3
       Potion            |     1 |       ||     1
Armor: Scale mail        |    40 |    15 ||    55
Dodge: Dodged            |    33 |     8 ||    41
Block: Buckler           |    18 |     4 ||    22

Table legend:
 A = Non-vault XP
 B = Vault XP
 C = Vault XP percentage of total XP
 D = Non-vault monster count
 E = Vault monster count
 F = Vault count percentage of total count
                 A         B        C        D         E       F
            +---------+---------+-------+---------+---------+-------
      Total |      70 |      35 |  33.3 |      34 |       1 |   2.9
            +---------+---------+-------+---------+---------+-------
        D:1 |      31 |       0 |   0.0 |      20 |       0 |   0.0
        D:2 |      39 |      35 |  47.3 |      14 |       1 |   6.7
            +---------+---------+-------+---------+---------+-------
